 Dungeon Crawl Stone Soup version 0.30-a0-311-gf115ab0292 (webtiles) character file.

Game seed: 14329326279567000260

835 pokeman the Thaumaturge (level 7, -3/40 HPs)
             Began as a Deep Elf Hedge Wizard on Oct 25, 2022.
             Killed from afar by an orc wizard (7 damage)
             ... with a puff of flame
             ... on level 4 of the Dungeon.
             The game lasted 00:12:04 (5192 turns).

pokeman the Thaumaturge (Deep Elf Hedge Wizard)     Turns: 5192, Time: 00:12:05

Health: -3/40      AC: 10    Str: 11    XL:     7   Next: 66%
Magic:  20/20      EV: 12    Int: 21    God:
Gold:   240        SH:  0    Dex: 16    Spells: 11/22 levels left

rFire   x . .      SeeInvis .    s - +4 dagger of Saltpetre {freeze, +Blink rF- Str+4 Dex+2}
rCold   . . .      Faith    .    (no shield)
rNeg    . . .      Spirit   .    c - +0 leather armour
rPois   .          Reflect  .    h - +2 helmet
rElec   .          Harm     .    a - +0 cloak
rCorr   .          Rampage  .    o - +1 Delatra's gloves {ID++}
Will    .....                    B - +0 pair of boots
Stlth   ++........               C - amulet of magic regeneration
HPRegen 0.26/turn                (no ring)
MPRegen 0.57/turn                (no ring)

@: no status effects
A: no striking features
a: Evoke Blink


You were on level 4 of the Dungeon.
You visited 1 branch of the dungeon, and saw 4 of its levels.
You also visited: Ossuary.

You collected 240 gold pieces.

Inventory:

Hand Weapons
 s - the +4 dagger of Saltpetre (weapon) {freeze, +Blink rF- Str+4 Dex+2}
   (You found it on level 3 of the Dungeon)

   It freezes those it strikes, dealing additional cold damage.
   It can also slow down cold-blooded creatures.
   Str:       It affects your strength (+4).
   Dex:       It affects your dexterity (+2).
   rF:        It makes you vulnerable to fire.
   +Blink:    It lets you blink.
Missiles
 D - a throwing net
Armour
 a - a +0 cloak (worn)
 c - a +0 leather armour (worn)
 g - a +0 pair of boots
 h - a +2 helmet (worn)
 o - the +1 Delatra's gloves (worn) {ID++}
   (You found it on level 2 of the Dungeon)

   It heals its wearer when they drink unknown potions.
   It restores its wearer's MP when they read unknown scrolls.
 B - a +0 pair of boots (worn)
Jewellery
 C - an amulet of magic regeneration (around neck)
Wands
 q - a wand of polymorph (8)
 t - a wand of quicksilver (2)
Scrolls
 b - a scroll of summoning {unknown}
 f - 3 scrolls of identify {unknown}
 i - a scroll of butterflies {unknown}
 u - a scroll of noise {unknown}
 v - a scroll of magic mapping {unknown}
 w - 4 scrolls of teleportation {unknown}
 x - 3 scrolls of amnesia {unknown}
 y - a scroll of immolation {unknown}
 z - a scroll of enchant armour {unknown}
Potions
 d - a potion of magic
 e - a potion of mutation {unknown}
 j - 4 potions of attraction {unknown}
 k - 4 potions of heal wounds {unknown}
 l - 2 potions of degeneration {unknown}
 m - a potion of brilliance {unknown}
 n - 4 potions of flight {unknown}
 p - 3 potions of lignification {unknown}
 r - a potion of curing {unknown}
 A - a potion of cancellation {unknown}


   Skills:
 - Level 2.0 Fighting
 + Level 1.4 Armour
 - Level 3.0 Dodging
 - Level 3.0 Stealth
 * Level 8.4 Spellcasting
 + Level 4.2 Conjurations
 - Level 1.1 Summonings
 - Level 1.1 Translocations
 - Level 1.1 Air Magic
 + Level 2.6 Earth Magic
 - Level 1.0 Poison Magic
 - Level 1.1 Evocations


You had 11 spell levels left.
You knew the following spells:

 Your Spells              Type           Power      Damage    Failure   Level
a - Magic Dart            Conj           100%       1d8       1%          1
b - Mephitic Cloud        Conj/Pois/Air  17%        N/A       12%         3
c - Call Imp              Summ           13%        N/A       10%         2
d - Blink                 Tloc           26%        N/A       10%         2
e - Stone Arrow           Conj/Erth      46%        3d9       8%          3

Your spell library contained the following spells:

 Spells                   Type           Power      Damage    Failure   Level
 Slow                     Hex            32%        N/A       10%         1
 Cigotuvi's Dreadful Rot  Necr/Pois/Air  22%        N/A       11%         2
 Animate Armour           Summ/Erth      32%        N/A       43%         4
 Lehudib's Crystal Spear  Conj/Erth      11%        10d4      100%        8


Dungeon Overview and Level Annotations

Branches:
Dungeon (4/15)            Ossuary (visited)
 Temple: D:4-7

Altars:


Message History

There is a strange disturbance nearby!
You hear some strange, mumbled words.
Your crimson imp easily resists.
Something misses your crimson imp.
Your crimson imp disappears in a puff of smoke!
You hear a zap.
A puff of flame appears from out of thin air!
The puff of flame hits you. The fire burns you terribly!
Casting: Mephitic Cloud (dangerous; 12% risk of failure)
Confirm with . or Enter, or press ? or * to list all spells.
Aiming: Mephitic Cloud (dangerous; 12% risk of failure)
Press: ? - help, Shift-Dir - straight line The ball explodes into a vile cloud!
The stinking cloud engulfs something but does no damage.
Unknown command.
You hear a zap.
A puff of flame appears from out of thin air!
The puff of flame hits you.
You closely miss something. Something hits you but does no damage.
You hit something. You freeze something. Something barely misses you.
You hit something. You freeze something. Something hits you.
You barely miss something.
You hear some strange, mumbled words.
A puff of flame appears from out of thin air!
The puff of flame hits you! The fire burns you terribly!
* * * LOW HITPOINT WARNING * * *
You hit something. You freeze something.
You hear a zap.
A puff of flame appears from out of thin air!
The puff of flame hits you but does no damage.
You closely miss something. Something completely misses you.
Casting: Mephitic Cloud (dangerous; 12% risk of failure)
Confirm with . or Enter, or press ? or * to list all spells.
Aiming: Magic Dart (safe; 1% risk of failure)
Press: ? - help, Shift-Dir - straight line The magic dart hits something but does no damage.
You hear a zap.
A puff of flame appears from out of thin air!
The puff of flame hits you! The fire burns you terribly!
You die...

..........##.......#######
...†......##.......#
......)...##.......#
..#.......##.......# .
#.....####.......#
#.............#######
#....................
#.............###########
#............@{..........
#.............##.....###.
#.............#..........
#####.....###.#..........
#.....# #.#..........
######.....# #.#..........
#.....(....#..............
#....#....................
#....##...................


There were no monsters in sight!

Vanquished Creatures
  A black bear (D:4)
  An elf zombie (Ossuary)
  2 scorpions (D:4)
  A howler monkey (D:4)
  2 hounds (D:4)
  An orc priest (D:4)
  A human zombie (Ossuary)
  2 iguanas (D:3)
  Natasha (D:4)
  2 orc wizards
  2 hound zombies (Ossuary)
  4 mummies (Ossuary)
  4 adders
  An adder zombie (Ossuary)
  3 worms
  7 dart slugs
  9 orcs
  8 endoplasms
  3 giant cockroaches
  A gnoll zombie (Ossuary)
  5 goblins
  10 hobgoblins
  4 jackals (D:1)
  7 quokkas
  3 ball pythons
  4 bats
  3 frilled lizards
  2 hobgoblin zombies (Ossuary)
  A jackal zombie (Ossuary)
  8 kobolds
  5 rats
  A rat zombie (Ossuary)
109 creatures vanquished.

Vanquished Creatures (collateral kills)
  An iguana (D:3)
  An adder zombie (Ossuary)
  A hobgoblin (D:3)
  A hobgoblin zombie (Ossuary)
4 creatures vanquished.

Grand Total: 113 creatures vanquished

Notes
Turn   | Place    | Note
-------+----------+-------------------------------------------
     0 | D:1      | pokeman the Deep Elf Hedge Wizard began the quest for the
                  | Orb.
     0 | D:1      | Reached XP level 1. HP: 10/10 MP: 7/7
   162 | D:1      | Reached XP level 2. HP: 16/16 MP: 6/9
   640 | D:1      | Reached skill level 5 in Spellcasting
   891 | D:1      | Reached XP level 3. HP: 20/20 MP: 7/11
   895 | D:1      | Learned a level 3 spell: Mephitic Cloud
   898 | D:1      | Learned a level 2 spell: Call Imp
   901 | D:1      | Learned a level 2 spell: Blink
  1590 | D:2      | Reached skill level 1 in Fighting
  1590 | D:2      | Reached skill level 1 in Armour
  1590 | D:2      | Reached XP level 4. HP: 21/25 MP: 2/13
  2472 | D:2      | Learned a level 3 spell: Stone Arrow
  2532 | D:2      | Found the +1 Delatra's gloves {ID++}
  3016 | D:3      | Reached skill level 6 in Spellcasting
  3016 | D:3      | Reached XP level 5. HP: 22/29 MP: 1/15
  3526 | D:3      | Identified the +4 dagger of Saltpetre {freeze, +Blink rF-
                  | Str+4 Dex+2}
  3693 | D:3      | Reached skill level 1 in Evocations
  4145 | D:4      | Reached skill level 1 in Air Magic
  4145 | D:4      | Reached XP level 6. HP: 34/34 MP: 13/17
  4152 | D:4      | Reached skill level 1 in Poison Magic
  4234 | D:4      | Reached skill level 7 in Spellcasting
  4234 | D:4      | Reached skill level 1 in Earth Magic
  4255 | D:4      | Found a sand-covered staircase.
  4295 | Ossuary  | Entered an ossuary
  4346 | Ossuary  | Reached XP level 7. HP: 18/38 MP: 11/20
  4708 | D:4      | Reached skill level 8 in Spellcasting
  5112 | D:4      | Noticed Natasha
  5117 | D:4      | Killed Natasha
  5192 | D:4      | Killed from afar by an orc wizard

Illustrated notes

Levels and vault maps discovered:
D:1:      heliophobic_arrival_glass_houses, layout_basic, minmay_statues_item
D:2:      layout_loops_ring, corexii_corridor_pit, pf_guarded_unrand_delatra
D:3:      layout_basic, minmay_mini_jars
D:4:      layout_basic, marbit_many_paths,
          nicolae_ossuary_entry_false_entrances, grunt_ministairs_11,
          uniq_natasha, uniq_sigmund

Skill      XL: |  1  2  3  4  5  6  7 |
---------------+----------------------+-----
Spellcasting   | 5 6 7 8 |  8.4
Conjurations   | 2 3 4 |  4.2
Fighting       | 1 2 |  2.0
Armour         | 1 |  1.4
Stealth        | 3 |  3.0
Dodging        | 3 |  3.0
Evocations     | 1 |  1.1
Air Magic      | 1 |  1.1
Poison Magic   | 1 |  1.0
Earth Magic    | 1 2 |  2.6
Summonings     | |  1.1
Translocations | |  1.1

Action                   |  1- 3 |  4- 6 |  7- 9 || total
-------------------------+-------+-------+-------++-------
Melee: Hand axe          |    12 |       |       ||    12
       Dagger            |       |    65 |    47 ||   112
       Punch             |       |     1 |     1 ||     2
 Cast: Magic Dart        |    82 |   121 |    41 ||   244
       Mephitic Cloud    |     1 |     6 |     6 ||    13
       Blink             |       |     5 |     1 ||     6
       Call Imp          |       |     3 |     3 ||     6
 Abil: Evoke Blink       |       |       |     1 ||     1
Evoke: Wand              |       |     2 |     3 ||     5
 Stab: Confused          |     1 |     6 |     1 ||     8
       Sleeping          |       |     1 |       ||     1
Armor: Robe              |     4 |       |       ||     4
       Leather armour    |     2 |    70 |    25 ||    97
Dodge: Dodged            |    12 |    65 |    36 ||   113

Table legend: (Time is in decaauts)
 A = Elapsed time spent in this place.
 B = Non-inter-level travel time spent in this place.
 C = Inter-level travel time spent in this place.
 D = Time resting spent in this place.
 E = Time spent auto-exploring this place.
 F = Levels seen in this place.
 G = Mean time per level.
                   A        B        C        D        E       F      G
               +--------+--------+--------+--------+--------+-----+--------+
         Total |   5187 |   5113 |     74 |    208 |   3957 |   5 | 1037.4 |
       Dungeon |   4783 |   4709 |     74 |    111 |   3790 |   4 | 1195.8 |
       Ossuary |    404 |    404 |      0 |     97 |    167 |   1 |  404.0 |
               +--------+--------+--------+--------+--------+-----+--------+

Top non-repeatable levels by time:
     D:1: 1551 daAuts
     D:2: 1363 daAuts
     D:3: 1305 daAuts
     D:4: 562 daAuts
 Ossuary: 404 daAuts
